Map: Crimson Court LE

Players

Oliveira

  • Race: Terran Terran
  • Spawn Location: 7:00

LiquidClem (Clem) - Winner!

  • Race: Terran Terran
  • League: Grandmaster
  • Spawn Location: 1:00

Event: Bellum Gens Elite Stara Zagora 2024

VOD

Have the link to the VOD?

Description

Time

  • Played on: Sept. 7, 2024, 12:15 p.m.
  • Length: 13:29

All games in this series

Show
View Real Time Build Order
Export as new Build Order

Oliveira Terran 

Build Orders: Cyclone Opening 

Get SALT Encoding   

  12  0:00  SCV  
  13  0:12  SCV  
  14  0:16  Supply Depot  
  14  0:24  SCV  
  15  0:38  SCV  
  15  0:39  Barracks  
  16  0:44  Refinery  
  16  0:50  SCV  
  16  0:55  Refinery  
  17  1:02  SCV  
  18  1:14  SCV  
  19  1:27  Orbital Command, Reaper  
  19  1:31  Supply Depot  
  20  1:43  Factory  
  20  1:53  SCV  
  21  1:59  Marine  
  22  2:05  SCV  
  23  2:17  Command Center  
  23  2:21  SCV  
  24  2:28  Cyclone  
  26  2:35  Starport  
  26  2:37  SCV  
  26  2:44  Supply Depot  
  27  2:46  Barracks Reactor  
  27  2:49  SCV  
  28  3:00  Cyclone  
  28  3:01  SCV  
  31  3:12  Medivac  
  33  3:13  SCV  
  33  3:15  Refinery  
  34  3:22  Marine x2  
  34  3:26  SCV  
  37  3:29  Orbital Command  
  37  3:34  Cyclone  
  37  3:38  SCV  
  40  3:44  Starport Tech Lab, Marine x2  
  42  3:50  SCV  
  42  3:55  SCV  
  44  3:57  Supply Depot  
  44  4:04  Raven  
  46  4:11  SCV  
  46  4:13  SCV  
  46  4:15  Factory Tech Lab  
  48  4:23  SCV  
  47  4:25  SCV  
  47  4:27  Marine  
  47  4:28  Interference Matrix, Marine  
  49  4:34  Siege Tank  
  49  4:35  SCV  
  49  4:37  SCV  
  54  4:39  Supply Depot  
  54  4:41  Raven  
  55  4:47  SCV  
  55  4:49  SCV  
  55  4:51  Marine  
  57  4:59  SCV  
  58  5:00  Marine  
  58  5:01  SCV  
  58  5:03  Starport  
  58  5:04  Supply Depot, Refinery  
  60  5:08  Siege Tank  
  60  5:11  SCV  
  64  5:14  SCV  
  65  5:24  SCV  
  65  5:27  Supply Depot, SCV  
  67  5:30  Marine  
  67  5:31  Viking x2  
  72  5:36  SCV  
  72  5:39  Viking  
  75  5:43  SCV  
  75  5:49  Siege Tank  
  79  5:50  Supply Depot, SCV  
  79  5:51  Supply Depot  
  79  5:55  SCV  
  81  6:03  SCV, Viking x2  
  86  6:12  Marine, Viking  
  89  6:22  Command Center  
  89  6:23  Siege Tank  
  92  6:26  SCV  
  92  6:27  Supply Depot  
  92  6:29  SCV  
  94  6:35  Viking  
  95  6:48  Viking  
  95  6:49  SCV  
  95  6:54  SCV  
  98  6:57  Siege Tank, Viking  
  98  7:00  Supply Depot, Marine  
  99  7:01  SCV  
  99  7:02  Stimpack  
  99  7:06  SCV  
  101  7:11  Barracks x2  
  101  7:18  Viking  
  101  7:19  SCV  
  101  7:20  SCV  
  105  7:24  Marine  
  105  7:26  Viking  
  107  7:31  SCV  
  107  7:33  SCV  
  107  7:35  Orbital Command  
  109  7:42  Siege Tank  
  109  7:43  SCV  
  112  7:45  SCV  
  112  7:46  Marine  
  112  7:50  Engineering Bay  
  112  7:51  Engineering Bay  
  114  7:56  SCV  
  114  7:57  SCV  
  114  7:58  Marine  
  115  8:01  Viking x2  
  115  8:02  Viking  
  115  8:05  SCV, Marine  
  121  8:08  SCV  
  118  8:17  Marine  
  118  8:19  Marine  
  90  8:26  Siege Tank  
  90  8:27  SCV  
  80  8:29  SCV  
  80  8:30  SCV  
  80  8:31  Viking x2  
  86  8:36  Terran Infantry Armor Level 1  
  86  8:38  Terran Infantry Weapons Level 1  
  86  8:40  Barracks Reactor  
  85  8:41  Barracks Reactor  
  85  8:42  SCV x2  
  85  8:45  SCV  
  88  8:51  Barracks  
  88  8:52  Barracks  
  88  8:54  SCV  
  89  8:56  SCV  
  89  8:57  SCV  
  89  8:59  Siege Tank  
  89  9:00  Combat Shield  
  94  9:07  Refinery x2  
  94  9:10  SCV x3  
  97  9:20  Starport Tech Lab, Command Center  
  97  9:22  SCV  
  97  9:23  SCV  
  97  9:24  SCV  
  100  9:30  Marine x4  
  100  9:31  Marine, Armory  
  104  9:34  Siege Tank  
  104  9:35  SCV  
  104  9:36  SCV  
  110  9:40  Barracks Reactor x2  
  110  9:44  Raven  
  112  9:48  Marine x2  
  112  9:50  Supply Depot  
  114  9:53  SCV x2, Marine x3  
  114  9:54  Sensor Tower  
  118  10:00  SCV  
  118  10:05  SCV  
  118  10:06  Marine x2  
  121  10:07  Siege Tank  
  121  10:11  Marine x2  
  121  10:14  Marine  
  121  10:15  Liberator x2  
  121  10:18  Marine  
  121  10:19  Marine  
  121  10:20  Raven  
  131  10:23  Marine  
  131  10:24  Marine  
  131  10:26  Sensor Tower  
  133  10:29  Marine x3  
  133  10:31  Marine  
  133  10:34  Marine  
  137  10:36  Marine x2  
  137  10:41  Marine x2  
  141  10:44  Siege Tank  
  141  10:46  Marine  
  141  10:47  Marine x2  
  141  10:49  Marine  
  148  10:50  Supply Depot  
  148  10:51  Supply Depot, Marine  
  148  10:54  Marine x2  
  151  10:57  Raven  
  151  10:59  Marine x2  
  155  11:04  Marine  
  155  11:06  Marine  
  155  11:08  Marine x2  
  155  11:09  Marine  
  155  11:10  Medivac  
  155  11:12  Marine x2  
  155  11:17  Marine x2  
  155  11:18  Supply Depot, Terran Vehicle Weapons Level 1  
  159  11:19  Supply Depot  
  159  11:22  Marine  
  159  11:24  Marine  
  159  11:25  Siege Tank  
  164  11:26  Marine x2, Medivac  
  164  11:28  Marine  
  164  11:30  Supply Depot  
  164  11:31  Marine  
  170  11:34  Marine  
  173  11:40  Raven, Marine, Missile Turret  
  173  11:42  Marine  
  173  11:43  Starport  
  174  11:53  Refinery, Viking  
  176  11:57  Refinery  
  176  11:59  Planetary Fortress  
  176  12:05  Command Center  
  176  12:08  Viking  
  178  12:09  SCV x3  
  181  12:17  Missile Turret  
  181  12:19  Raven  
  181  12:20  Siege Tank  
  181  12:21  SCV  
  187  12:24  Marine  
  187  12:28  Marine  
  189  12:34  Marine  
  189  12:35  Marine x2  
  192  12:37  Starport Tech Lab  
  182  12:45  Marine  
  182  12:46  Marine x2  
  182  12:47  Marine x2  
  182  12:48  SCV  
  182  12:49  SCV, Marine  
  174  12:52  SCV, Marine  
  174  12:53  Raven, Marine  
  174  12:55  Marine  
  179  13:03  Marine  
  179  13:05  Marine x2  
  182  13:06  Marine  
  182  13:09  Marine  
Show
View Real Time Build Order
Export as new Build Order

LiquidClem Terran - Winner!

Build Orders: Cyclone Opening, Reaper Expand 

Get SALT Encoding   

  12  0:00  SCV  
  13  0:12  SCV  
  14  0:17  Supply Depot  
  14  0:24  SCV  
  15  0:38  SCV  
  15  0:41  Barracks  
  16  0:43  Refinery  
  16  0:50  SCV  
  17  1:02  SCV  
  18  1:15  SCV  
  19  1:28  Orbital Command, Reaper  
  20  1:38  Command Center  
  20  1:45  Supply Depot  
  20  1:53  SCV  
  21  2:00  Marine  
  22  2:02  Factory  
  22  2:05  SCV  
  23  2:10  Refinery  
  23  2:17  SCV  
  23  2:18  Marine  
  25  2:29  SCV  
  26  2:37  Marine  
  26  2:43  SCV  
  28  2:46  Cyclone  
  28  2:51  Orbital Command  
  30  2:52  Starport  
  30  2:55  SCV  
  31  3:02  Barracks Reactor  
  31  3:03  Supply Depot  
  31  3:07  SCV  
  31  3:09  Refinery  
  32  3:16  SCV  
  32  3:19  SCV, Cyclone  
  36  3:28  SCV  
  36  3:30  Medivac  
  36  3:32  SCV  
  36  3:33  Supply Depot  
  40  3:39  Marine x2  
  40  3:40  SCV  
  43  3:44  SCV  
  44  3:52  Factory Tech Lab  
  44  3:56  Supply Depot, SCV  
  44  3:57  SCV, Marine x2  
  44  4:00  Starport Tech Lab  
  48  4:08  SCV  
  48  4:09  SCV  
  49  4:13  Siege Tank  
  51  4:19  Marine x2  
  51  4:20  Raven, SCV  
  51  4:21  SCV  
  56  4:31  Interference Matrix  
  55  4:32  SCV  
  55  4:33  Supply Depot, SCV  
  55  4:36  Refinery  
  55  4:37  Marine x2  
  55  4:38  Starport  
  59  4:44  SCV  
  59  4:45  SCV  
  61  4:56  SCV  
  61  4:57  SCV  
  61  5:00  Raven  
  61  5:03  Supply Depot, Marine  
  61  5:04  Marine  
  65  5:07  Siege Tank  
  65  5:08  SCV  
  65  5:09  SCV  
  65  5:10  Supply Depot  
  70  5:16  Viking  
  70  5:20  SCV  
  73  5:21  SCV, Marine  
  73  5:22  Marine  
  73  5:26  Supply Depot  
  76  5:32  SCV  
  76  5:33  SCV  
  76  5:35  Supply Depot  
  78  5:39  Siege Tank  
  81  5:45  Viking x2  
  81  5:48  Supply Depot  
  85  5:50  Viking  
  85  5:51  Marine  
  88  5:57  Supply Depot  
  88  6:02  Command Center  
  88  6:09  Marine  
  89  6:11  Siege Tank  
  89  6:15  Viking  
  94  6:19  Viking  
  94  6:22  Supply Depot, SCV x2  
  98  6:27  Stimpack  
  98  6:28  Marine  
  98  6:30  Supply Depot  
  98  6:31  Viking  
  101  6:39  SCV  
  101  6:41  SCV, Barracks  
  101  6:44  Barracks  
  96  6:51  SCV  
  96  6:53  SCV  
  96  6:56  Viking  
  96  7:00  Viking  
  100  7:03  SCV  
  100  7:04  Viking  
  100  7:05  SCV  
  104  7:10  Siege Tank  
  104  7:14  Marine  
  108  7:16  SCV  
  108  7:18  SCV  
  110  7:28  SCV, Engineering Bay  
  110  7:29  Engineering Bay  
  111  7:30  SCV  
  111  7:31  Barracks Reactor  
  111  7:32  Marine  
  111  7:34  Viking  
  115  7:40  Viking  
  117  7:45  Orbital Command  
  117  7:46  SCV  
  117  7:47  SCV  
  109  7:54  Barracks Reactor  
  109  7:57  Siege Tank, Marine  
  113  7:58  SCV  
  113  8:01  SCV, Viking  
  117  8:10  SCV  
  116  8:14  SCV, Marine  
  116  8:15  Marine  
  116  8:17  Viking  
  116  8:18  Viking  
  106  8:23  Marine  
  106  8:26  SCV  
  91  8:29  Siege Tank  
  91  8:30  SCV  
  91  8:31  Marine, Viking  
  91  8:32  Marine  
  91  8:33  Marine x2  
  95  8:34  Terran Infantry Weapons Level 1  
  95  8:37  SCV  
  95  8:40  SCV  
  95  8:41  Marine  
  97  8:43  SCV, Barracks  
  97  8:44  Combat Shield  
  97  8:47  Barracks  
  99  8:52  Viking  
  99  8:53  Viking  
  103  8:58  Marine  
  103  8:59  Refinery x2  
  103  9:00  Marine  
  103  9:01  Marine  
  103  9:02  Marine  
  106  9:04  Marine  
  106  9:07  Siege Tank  
  111  9:10  Terran Infantry Armor Level 1  
  111  9:12  SCV x2  
  111  9:13  SCV  
  111  9:16  Marine  
  115  9:18  Marine  
  115  9:20  Viking  
  115  9:23  Marine  
  119  9:24  Marine x2  
  119  9:28  Viking  
  123  9:33  Barracks Reactor  
  123  9:34  Barracks Reactor  
  123  9:36  Armory  
  123  9:38  Viking  
  123  9:41  Marine x3  
  123  9:42  Marine  
  129  9:50  Command Center  
  129  9:52  Marine  
  129  9:57  Siege Tank  
  129  9:58  Supply Depot  
  129  9:59  Marine  
  133  10:05  Liberator  
  133  10:06  Marine  
  136  10:07  Marine x2  
  134  10:15  Viking  
  134  10:17  Marine x2  
  134  10:18  Marine x3  
  142  10:23  Supply Depot  
  142  10:24  Marine  
  142  10:26  Terran Vehicle Weapons Level 1  
  142  10:27  Factory  
  142  10:29  Siege Tank  
  142  10:30  Supply Depot, Marine x2  
  142  10:31  Starport Reactor  
  142  10:33  Barracks Reactor  
  147  10:37  Supply Depot, Marine x2  
  147  10:38  Marine  
  147  10:40  Marine x2  
  147  10:41  SCV  
  147  10:42  SCV  
  154  10:45  Terran Infantry Weapons Level 2  
  154  10:55  Viking x2  
  154  10:56  Marine x2  
  154  10:57  Marine  
  155  10:58  Marine  
  155  10:59  SCV  
  156  11:05  Siege Tank, Marine  
  156  11:10  Marine  
  157  11:12  Siege Tank, Marine  
  157  11:17  Sensor Tower  
  161  11:19  SCV  
  161  11:22  Viking  
  163  11:28  Unknown  
  163  11:30  Planetary Fortress  
  163  11:32  Viking  
  165  11:37  SCV  
  165  11:38  SCV  
  166  11:46  Marine x3  
  172  11:47  Viking  
  172  11:49  SCV  
  172  11:54  Missile Turret  
  172  11:57  SCV, Missile Turret  
  172  11:58  SCV, Missile Turret  
  172  12:01  SCV, Marine x2  
  174  12:08  Viking  
  178  12:10  Sensor Tower  
  178  12:11  Marine x2  
  178  12:13  Viking  
  182  12:16  Viking  
  182  12:19  Viking  
  185  12:28  Siege Tank  
  185  12:29  Marine  
  189  12:38  Viking  
  189  12:41  Siege Tank  
  189  12:43  Viking  
  194  12:46  Viking  
  194  12:49  Viking  
  194  13:02  Starport  
  194  13:09  Marine x2  
Tags
 
Add a new tag
Caveats
  • Supply blocks, unpowered buildings, or Contaminate may cause inaccurate times.
  • Supply counts are checked every 10 seconds.